Map: Dreamcatcher LE

Players

Must - Winner!

  • Race: Zerg Zerg
  • Spawn Location: 11:00

King

  • Race: Zerg Zerg
  • League: Platinum
  • Spawn Location: 5:00

VOD

Have the link to the VOD?

Description

Time

  • Played on: July 21, 2018, 8:13 a.m.
  • Length: 11:49
Show
View Real Time Build Order
Export as new Build Order

Must Zerg - Winner!

Build Orders: Pool First 

Get SALT Encoding   

  12  0:01  Drone  
  13  0:12  Overlord  
  13  0:19  Drone  
  14  0:31  Drone x2  
  14  0:35  Drone  
  17  0:47  Spawning Pool  
  17  0:50  Drone  
  17  0:53  Extractor  
  17  0:57  Drone  
  17  1:07  Drone  
  18  1:24  Drone  
  19  1:28  Hatchery  
  18  1:33  Queen  
  20  1:43  Overlord  
  20  1:45  Drone  
  21  1:56  Drone  
  21  1:57  Metabolic Boost  
  22  2:08  Drone  
  23  2:13  Zergling x2  
  24  2:29  Extractor  
  23  2:32  Zergling x2  
  24  2:37  Zergling x2  
  24  2:43  Queen  
  27  2:44  Overlord  
  27  2:46  Queen  
  27  2:48  Drone x3  
  32  3:07  Zergling x8  
  36  3:25  Baneling Nest  
  35  3:33  Drone x7  
  42  3:52  Zergling x2  
  42  3:53  Zergling x2  
  42  3:55  Overlord x2  
  43  4:07  Zergling x2  
  41  4:20  Zergling x14  
  45  4:33  Overlord x4  
  45  4:54  Lair  
  45  4:56  Drone x7  
  52  5:01  Extractor  
  52  5:02  Drone  
  52  5:03  Extractor, Drone x2  
  52  5:17  Baneling x4  
  52  5:18  Baneling x2  
  52  5:21  Drone x4  
  56  5:55  Spire  
  55  5:57  Drone  
  55  5:58  Drone x8  
  64  6:10  Hatchery  
  63  6:22  Drone x3  
  63  6:24  Zergling x10  
  69  6:33  Zergling x8  
  73  6:41  Evolution Chamber  
  73  6:42  Evolution Chamber  
  71  7:06  Mutalisk x9  
  89  7:09  Overlord  
  89  7:28  Mutalisk x4  
  97  7:30  Overlord x2  
  97  7:50  Drone x5  
  102  7:55  Mutalisk x2  
  102  7:56  Mutalisk x2  
  110  8:28  Mutalisk x2  
  95  9:00  Zergling x24  
  95  9:01  Zergling x10  
  112  9:09  Zergling x4  
  114  9:14  Overlord x3  
  114  9:24  Zergling x6  
  98  9:31  Zergling x4  
  98  9:33  Queen  
  98  9:35  Zergling x2  
  101  9:45  Mutalisk x5  
  101  9:46  Mutalisk x5  
  121  9:56  Extractor  
  121  9:57  Extractor  
  117  10:19  Mutalisk x3  
  111  10:46  Queen  
  111  10:47  Queen  
  111  10:49  Queen  
  114  10:55  Zergling x40  
  123  11:09  Mutalisk x3  
  127  11:29  Drone  
  127  11:30  Drone  
  127  11:31  Overlord x3  
Show
View Real Time Build Order
Export as new Build Order

King Zerg 

Build Orders: Hatch First 

Get SALT Encoding   

  12  0:00  Drone  
  13  0:12  Overlord  
  13  0:20  Drone  
  14  0:30  Drone x2  
  14  0:34  Drone  
  17  0:45  Drone  
  18  0:57  Hatchery  
  18  0:59  Drone  
  18  1:06  Drone  
  19  1:15  Spawning Pool  
  18  1:19  Drone  
  19  1:29  Extractor, Drone  
  19  1:39  Drone  
  20  1:49  Drone  
  21  2:00  Overlord  
  21  2:08  Roach Warren, Extractor  
  20  2:09  Queen x2  
  20  2:11  Zergling x2  
  20  2:13  Zergling x2  
  25  2:23  Drone  
  25  2:24  Drone  
  27  2:35  Drone  
  27  2:36  Zergling x2  
  29  2:49  Lair  
  29  2:51  Drone  
  29  2:52  Drone x2  
  32  3:10  Overlord x2  
  32  3:11  Overlord  
  32  3:22  Evolution Chamber x2  
  30  3:28  Drone x3  
  30  3:29  Drone  
  34  3:36  Roach  
  34  3:37  Roach  
  36  3:50  Spine Crawler  
  36  3:53  Spine Crawler  
  36  3:55  Spine Crawler  
  31  4:18  Roach x3  
  31  4:19  Roach  
  38  4:24  Roach  
  40  4:36  Queen  
  42  4:53  Drone  
  42  4:54  Drone x4  
  47  5:02  Zerg Missile Weapons Level 1  
  47  5:09  Zerg Ground Armor Level 1  
  47  5:19  Roach x2  
  51  5:21  Drone  
  51  5:25  Overlord  
  52  5:44  Roach x4  
  52  5:45  Overlord  
  52  5:49  Overlord  
  60  5:58  Glial Reconstitution  
  60  6:04  Roach  
  60  6:05  Roach x2  
  60  6:07  Roach  
  68  6:15  Hydralisk Den  
  68  6:17  Roach  
  68  6:33  Roach x2  
  68  6:34  Roach x2  
  76  6:47  Overlord  
  76  6:48  Overlord x2  
  76  6:49  Overlord  
  76  7:00  Grooved Spines  
  76  7:13  Ravager x4  
  80  7:18  Hydralisk  
  80  7:19  Zergling x4  
  80  7:20  Zergling x6  
  87  7:26  Drone x3  
  87  7:28  Drone  
  87  7:29  Drone  
  92  7:32  Drone  
  93  7:50  Hydralisk x3  
  93  7:51  Hydralisk  
  101  8:07  Hydralisk  
  101  8:09  Zergling x6  
  106  8:19  Infestation Pit  
  105  8:25  Extractor  
  105  8:26  Extractor, Drone  
  105  8:27  Drone x3  
  101  8:52  Hydralisk x3  
  85  9:03  Hydralisk  
  78  9:13  Spore Crawler  
  78  9:15  Spore Crawler  
  78  9:16  Spore Crawler  
  75  9:18  Spore Crawler  
  75  9:19  Drone x2  
  75  9:20  Drone x2  
  75  9:23  Spore Crawler  
  72  9:25  Spore Crawler x2  
  72  9:29  Zerg Missile Weapons Level 2  
  52  9:31  Zergling x2  
  52  9:32  Zergling x8  
  49  9:40  Drone  
  50  9:50  Hydralisk x3  
  39  10:18  Hydralisk x3  
  39  10:19  Hydralisk x3  
  42  10:44  Spore Crawler  
  42  10:45  Spore Crawler  
  42  10:47  Spore Crawler  
  28  11:08  Drone x3  
  31  11:21  Drone x2  
  33  11:30  Drone  
Tags
 
Add a new tag
Caveats
  • Supply blocks, unpowered buildings, or Contaminate may cause inaccurate times.
  • Supply counts are checked every 10 seconds.